 Dungeon Sprint DCSS version 0.27.1-34-g3ba077fa99 (webtiles) character file.

Game seed: 16581636317199191369

4500000 Arum the Formicid Barricade (level 27, -132/249 HPs)
             Began as a Formicid Fighter on Jan 27, 2022.
             Was an Initiate of Makhleb.
             Annihilated by a sculptor of flesh (160 damage)
             ... in the Dungeon (Sprint VIII: "Arena of Blood").
             The game lasted 00:02:19 (45 turns).

Arum the Formicid Barricade (Formicid Fighter)        Turns: 45, Time: 00:02:20

Health: -132/249   AC: 13    Str: 25    XL:     27
Magic:  26/54      EV: 28    Int:  8    God:    Makhleb [......]
Gold:   0          SH: 20    Dex: 19    Spells: 80/80 levels left

rFire    . . .     SeeInvis +   h - +∞ Axe of Woe
rCold    . . .     Faith    .   c - +0 kite shield
rNeg     . . .     Spirit   .   b - +0 scale mail
rPois    .         Reflect  .   (helmet unavailable)
rElec    .         Harm     .   (no cloak)
rCorr    .         Rampage  .   (no gloves)
Will     ++...                  (no boots)
Stlth    ++++++++..             (no amulet)
HPRegen  0.51/turn              i - +30 ring of slaying
MPRegen  0.34/turn              (no ring)

@: no status effects
A: permanent stasis, dig shafts and tunnels, antennae 3, four strong arms
a: Dig, Renounce Religion


You were in the Dungeon.
You worshipped Makhleb.
Makhleb was noncommittal.
You visited 1 branch

Inventory:

Hand Weapons
 a - a +0 war axe
 h - the +∞ Axe of Woe (weapon)
   (You found it in the Dungeon)
Armour
 b - a +0 scale mail (worn)
 c - a +0 kite shield (worn)
Jewellery
 i - a +30 ring of slaying (left hand)
Potions
 d - a potion of might
 e - a potion of curing
 f - a potion of heal wounds
 g - 2 potions of magic


   Skills:
 O Level 27 Fighting
 + Level 19.4(22.2) Short Blades
 + Level 19.4(22.2) Long Blades
 O Level 27 Axes
 O Level 27 Maces & Flails
 O Level 27 Polearms
 O Level 27 Staves
 + Level 20.8(23.8) Slings
 + Level 16.8 Bows
 + Level 19.3 Crossbows
 + Level 19.4(22.2) Throwing
 O Level 27 Armour
 O Level 27 Dodging
 O Level 27 Stealth
 O Level 27 Shields
 O Level 27 Unarmed Combat
 O Level 27 Spellcasting
 + Level 18.1 Conjurations
 + Level 22.3 Hexes
 + Level 19.4 Summonings
 + Level 19.3 Necromancy
 + Level 18.1 Translocations
 + Level 20.8 Transmutations
 + Level 19.3 Fire Magic
 + Level 19.3 Ice Magic
 + Level 16.7 Air Magic
 + Level 22.2 Earth Magic
 + Level 23.8 Poison Magic
 + Level 22.2 Invocations
 + Level 20.9 Evocations


You had 80 spell levels left.
You didn't know any spells.
Your spell library was empty.

Dungeon Overview and Level Annotations

Branches:
Dungeon (1/1)

Altars:
Makhleb

Annotations:
D The Servant


Innate Abilities, Weirdness & Mutations

You cannot be hasted, slowed, berserked, paralysed or teleported.
You can dig through walls and to a lower floor.
You have a pair of large antennae on your head. (SInv)
Your four strong arms can wield two-handed weapons with a shield.


Message History

You are engulfed in blazing flames.
* * * LOW HITPOINT WARNING * * *
You hear a shout! x4
Your base Short Blades skill increases to level 19!
Your base Long Blades skill increases to level 19!
Your Crossbows skill increases to level 19!
Your base Throwing skill increases to level 19!
Your Conjurations skill increases to level 18!
Your Hexes skill increases to level 22!
Your Summonings skill increases to level 19!
Your Necromancy skill increases to level 19!
Your Translocations skill increases to level 18!
Your Fire Magic skill increases to level 19!
Your Ice Magic skill increases to level 19!
Your Earth Magic skill increases to level 22!
Your Poison Magic skill increases to level 23!
Your Invocations skill increases to level 22! 2 orcs, a vampire knight and a skeletal warrior come into view.
The destroyer is wielding a +9 vorpal great sword.
You hear a shout! x5
The destroyer blinks!
A bag of meat comes into view. It is wielding a +9 war axe.
The sculptor of flesh is engulfed in blazing flames.
You hear a shout!
A sculptor of flesh comes into view. It is wielding a +9 great sword.
You hear a shout!
The bag of meat moves out of view.
There is a burning altar of Makhleb, spattered with blood here.
Unknown command.
Press < or > to pray at altars.
Unknown command.
Press < or > to pray at altars.
You kneel at the altar of Makhleb.
Makhleb welcomes you!
You hear a shout! x3
The bag of meat is engulfed in blazing flames.
The sculptor of flesh is engulfed in blazing flames.
The sculptor of flesh hits you with a +9 great sword!!!!!
Ouch! That really hurt!
You die...

...........
{......... {
#.......# O. {
#.....))# ...
.###....z))###....
......###))){o..§.
.....V_°o§.o.....
..#..)§z#{......
#_.@§@#.......
#....O#.z....#
....._.o........
......###o........
.###.. .o.###....
{ #.. ..V# .... #.
.z.# ..


oo... You could see The Servant, 2 destroyers, 3 sculptors of flesh, a large bag
of meat (inner flame) and 6 bags of meat.

Vanquished Creatures
  5 vampire knights (D)
  17 ogres (D)
  2 two-headed ogres (D)
  30 orcs (D)
54 creatures vanquished.

Notes
Turn   | Place    | Note
-------+----------+-------------------------------------------
     0 | D        | Found the +∞ Axe of Woe
     0 | D        | Arum the Formicid Fighter began the quest for the Orb.
     0 | D        | Reached XP level 1. HP: 18/18 MP: 1/1
     2 | D        | Noticed a bag of meat
     4 | D        | Noticed a meat berserker
     4 | D        | Noticed a bag of meat
     5 | D        | Noticed a meat berserker
     6 | D        | Killed a bag of meat
     6 | D        | Noticed a bag of meat
     6 | D        | Noticed a meat berserker
     6 | D        | Noticed a bag of meat
     6 | D        | Noticed a bag of meat
     7 | D        | Reached skill level 15 in Shields
     7 | D        | Reached XP level 2. HP: 43/43 MP: 2/2
     7 | D        | Reached XP level 3. HP: 49/49 MP: 3/3
     7 | D        | Reached XP level 4. HP: 56/56 MP: 4/4
     7 | D        | Reached XP level 5. HP: 62/62 MP: 5/5
     7 | D        | Reached XP level 6. HP: 69/69 MP: 6/6
     7 | D        | Reached XP level 7. HP: 75/75 MP: 7/7
     7 | D        | Reached XP level 8. HP: 82/82 MP: 8/8
     7 | D        | Reached XP level 9. HP: 88/88 MP: 9/9
     7 | D        | Reached XP level 10. HP: 95/95 MP: 10/10
     7 | D        | Reached XP level 11. HP: 101/101 MP: 11/11
     7 | D        | Reached XP level 12. HP: 108/108 MP: 12/12
     7 | D        | Killed a meat berserker
     7 | D        | Killed a bag of meat
     8 | D        | Reached XP level 13. HP: 125/125 MP: 13/13
     8 | D        | Reached XP level 14. HP: 133/133 MP: 14/14
     8 | D        | Reached XP level 15. HP: 139/139 MP: 15/15
     8 | D        | Killed a meat berserker
     8 | D        | Noticed a meat berserker
     9 | D        | Reached XP level 16. HP: 150/150 MP: 16/16
     9 | D        | Killed a meat berserker
     9 | D        | Noticed a meat berserker
    10 | D        | Noticed a meat berserker
    11 | D        | Noticed a meat berserker
    12 | D        | Noticed a meat berserker
    13 | D        | Reached XP level 17. HP: 95/164 MP: 17/17
    13 | D        | Killed a meat berserker
    13 | D        | Killed a meat berserker
    13 | D        | Noticed a meat berserker
    14 | D        | Reached skill level 27 in Shields
    14 | D        | Reached XP level 18. HP: 105/181 MP: 18/18
    14 | D        | Reached XP level 19. HP: 109/188 MP: 19/19
    14 | D        | Noticed a meat berserker
    15 | D        | Reached skill level 27 in Fighting
    15 | D        | Reached skill level 27 in Armour
    15 | D        | Killed a meat berserker
    16 | D        | Reached skill level 27 in Axes
    16 | D        | Reached skill level 27 in Dodging
    16 | D        | Reached skill level 1 in Unarmed Combat
    16 | D        | Reached skill level 1 in Spellcasting
    16 | D        | Killed a meat berserker
    16 | D        | Noticed a meat berserker
    17 | D        | Reached XP level 20. HP: 116/197 MP: 19/38
    19 | D        | Reached XP level 21. HP: 120/204 MP: 19/46
    19 | D        | Killed a meat berserker
    19 | D        | Noticed a meat berserker
    20 | D        | Noticed a destroyer
    21 | D        | Killed a meat berserker
    21 | D        | Noticed a large bag of meat
    22 | D        | Reached skill level 27 in Unarmed Combat
    22 | D        | Reached skill level 27 in Spellcasting
    22 | D        | Reached skill level 10 in Stealth
    22 | D        | Reached XP level 22. HP: 126/212 MP: 20/53
    22 | D        | Killed a meat berserker
    22 | D        | Killed a large bag of meat
    23 | D        | Reached XP level 23. HP: 113/219 MP: 20/54
    25 | D        | Reached skill level 27 in Stealth
    26 | D        | Reached XP level 24. HP: 118/227 MP: 21/54
    26 | D        | Noticed a destroyer
    27 | D        | Reached skill level 27 in Maces & Flails
    27 | D        | Reached skill level 27 in Polearms
    27 | D        | Reached skill level 27 in Staves
    27 | D        | Reached skill level 1 in Poison Magic
    27 | D        | Reached XP level 25. HP: 122/234 MP: 21/54
    29 | D        | Reached skill level 5 in Short Blades
    29 | D        | Reached skill level 5 in Long Blades
    29 | D        | Reached skill level 5 in Crossbows
    29 | D        | Reached skill level 5 in Throwing
    29 | D        | Reached skill level 5 in Conjurations
    29 | D        | Reached skill level 5 in Summonings
    29 | D        | Reached skill level 5 in Necromancy
    29 | D        | Reached skill level 5 in Translocations
    29 | D        | Reached skill level 5 in Ice Magic
    29 | D        | Killed a destroyer
    30 | D        | Reached skill level 10 in Slings
    30 | D        | Reached skill level 10 in Transmutations
    30 | D        | Reached skill level 10 in Evocations
    30 | D        | Reached XP level 26. HP: 127/242 MP: 21/54
    31 | D        | Killed a destroyer
    32 | D        | Reached skill level 10 in Bows
    32 | D        | Reached skill level 10 in Air Magic
    32 | D        | Noticed a large bag of meat
    32 | D        | Noticed a large bag of meat
    32 | D        | Noticed a destroyer
    34 | D        | Reached skill level 15 in Poison Magic
    34 | D        | Reached XP level 27. HP: 69/249 MP: 23/54
    35 | D        | Noticed a destroyer
    36 | D        | Noticed a destroyer
    37 | D        | Reached skill level 15 in Slings
    37 | D        | Reached skill level 15 in Transmutations
    37 | D        | Reached skill level 15 in Evocations
    37 | D        | Noticed a large bag of meat
    37 | D        | Noticed The Servant
    39 | D        | Reached skill level 15 in Short Blades
    39 | D        | Reached skill level 15 in Long Blades
    39 | D        | Reached skill level 15 in Crossbows
    39 | D        | Reached skill level 15 in Throwing
    39 | D        | Reached skill level 15 in Summonings
    39 | D        | Reached skill level 15 in Necromancy
    39 | D        | Reached skill level 15 in Fire Magic
    39 | D        | Reached skill level 15 in Ice Magic
    39 | D        | Killed a destroyer
    40 | D        | Reached skill level 15 in Conjurations
    40 | D        | Reached skill level 15 in Translocations
    40 | D        | Killed a destroyer
    40 | D        | Noticed a destroyer
    42 | D        | Reached skill level 15 in Bows
    42 | D        | Reached skill level 15 in Air Magic
    42 | D        | Killed a large bag of meat
    43 | D        | Killed a destroyer
    44 | D        | Noticed a destroyer
    45 | D        | Became a worshipper of Makhleb the Destroyer
    45 | D        | Annihilated by a sculptor of flesh

Illustrated notes

Levels and vault maps discovered:
D:        meatsprint

Skill      XL: |  1  2  3  4  5  6  7  8  9 10 11 12 13 14 15 16 17 18 19 20 21 22 23 24 25 26 27 |
---------------+----------------------------------------------------------------------------------+-----
Fighting       | 14 19 20 23 26 27 | 27.0
Axes           | 13 17 19 21 24 27 | 27.0
Armour         | 14 19 20 23 26 27 | 27.0
Dodging        | 12 16 18 20 23 27 | 27.0
Shields        | 15 20 22 24 27 | 27.0
Unarmed Combat | 14 21 27 | 27.0
Spellcasting   | 14 21 27 | 27.0
Maces & Flails | 7 19 26 27 | 27.0
Polearms       | 7 19 26 27 | 27.0
Stealth        | 10 23 27 | 27.0
Staves         | 27 | 27.0
Poison Magic   | 1 12 15 23 | 23.8
Short Blades   | 9 12 19 | 19.4
Long Blades    | 9 12 19 | 19.4
Slings         | 10 13 20 | 20.8
Bows           | 8 10 16 | 16.8
Crossbows      | 9 12 19 | 19.3
Throwing       | 9 12 19 | 19.4
Conjurations   | 8 11 18 | 18.1
Hexes          | 11 14 22 | 22.3
Summonings     | 9 12 19 | 19.4
Necromancy     | 9 12 19 | 19.3
Translocations | 8 11 18 | 18.1
Transmutations | 10 13 20 | 20.8
Fire Magic     | 9 12 19 | 19.3
Ice Magic      | 9 12 19 | 19.3
Air Magic      | 8 10 16 | 16.7
Earth Magic    | 11 14 22 | 22.2
Invocations    | 11 14 22 | 22.2
Evocations     | 10 13 20 | 20.9

Action                   |  1- 3 |  4- 6 |  7- 9 | 10-12 | 13-15 | 16-18 | 19-21 | 22-24 | 25-27 || total
-------------------------+-------+-------+-------+-------+-------+-------+-------+-------+-------++-------
Melee: Executioner's axe |     1 |       |       |     1 |     1 |     3 |     7 |     5 |    13 ||    31
Block: Kite shield       |       |       |       |       |       |       |       |       |     1 ||     1
